 Dungeon Crawl Stone Soup version 0.29-a0-284-gf9362112df (webtiles) character file.

Game seed: 402825429866294

33 spaghetti the Caller (level 3, 39/42 HPs)
             Began as a Deep Dwarf Summoner on Mar 24, 2022.
             Quit the game on level 1 of the Dungeon.
             The game lasted 00:02:33 (952 turns).

spaghetti the Caller (Deep Dwarf Summoner)           Turns: 952, Time: 00:02:34

Health: 39/42      AC: 21    Str: 11    XL:     3   Next: 12%
Magic:  4/4        EV:  2    Int: 17    God:
Gold:   14         SH:  0    Dex: 13    Spells: 2/5 levels left

rFire   . . .      SeeInvis .   f - +0 mace {mace}
rCold   . . .      Faith    .   (no shield)
rNeg    . . .      Spirit   .   (body armour currently unavailable)
rPois   +          Reflect  .   (helmet currently unavailable)
rElec   .          Harm     .   (cloak currently unavailable)
rCorr   .          Rampage  .   (gloves currently unavailable)
Will    .....      NoTele   +   (boots currently unavailable)
Stlth   ++........              (no amulet)
HPRegen 0.00/turn               (no ring)
MPRegen 0.09/turn               (no ring)

@: tree-form
A: stationary, stasis, torment immunity, boosted hp, damage resistance, heal
wounds, sense surroundings 1, no regeneration
a: Heal Wounds


You were on level 1 of the Dungeon.
You were a tree.
You visited 1 branch of the dungeon, and saw 1 of its levels.

You collected 14 gold pieces.


Innate Abilities, Weirdness & Mutations

You are a tree.
Your roots penetrate the ground, keeping you stationary.
You cannot be teleported.
You are immune to unholy pain and torment.
Your maximum health is greatly increased.
Your equipment is partially melded.
You are resistant to damage.
You can heal yourself by infusing magical energy.
You passively map a small area around you.
You do not regenerate.


   Skills:
 - Level 2.1 Dodging
 - Level 2.4 Stealth
 - Level 1.7 Spellcasting
 + Level 4.6 Summonings


You had 2 spell levels left.
You knew the following spells:

 Your Spells              Type           Power      Damage    Failure   Level
a - Summon Small Mammal   Summ           68%        N/A       3%          1
b - Call Imp              Summ           17%        N/A       4%          2

Your spell library contained the following spells:

 Spells                   Type           Power      Damage    Failure   Level
 Call Canine Familiar     Summ           17%        N/A       9%          3
 Summon Guardian Golem    Hex/Summ       9%         N/A       22%         3
 Summon Lightning Spire   Summ/Air       9%         N/A       58%         4

Inventory:

Hand Weapons
 c - a +0 whip {mace}
   (You took it off a kobold on level 1 of the Dungeon)
 f - a +0 mace (weapon) {mace}
   (You found it on level 1 of the Dungeon)
Missiles
 d - 47 stones {throwing}
Armour
 a - a +0 robe (melded)
Scrolls
 e - 2 scrolls of identify {unknown}
Potions
 b - a potion of magic
 g - a potion of lignification {!q}

Dungeon Overview and Level Annotations

Branches:
Dungeon (1/15)

Altars:

Shops:
D:1

!
#..>..####.♣.♣
#.♣♣♣♣♣ ##.#.#
#♣PP♣♣ *#..#.#
###
♣♣≈≈PP♣#.##.#
##..
≈≈≈≈.♣#.##.#
##...
≈≈P.♣..##.#
#....
,*P...♣...#.#
#....
*♣PP♣♣.....#
#....
##♣.♣♣♣.....#
##...
#...♣♣......#
##.>
#.♣♣♣......##
###
#.###.....##
#..........#
####.......#
#.......#
##.....##
##...##


There were no monsters in sight!


Message History

Your quokka disappears in a puff of smoke!
Your crimson imp disappears in a puff of smoke!
Your bat disappears in a puff of smoke!
Things that are here:
a +0 dagger {short}; a goblin corpse Key pressed, stopping explore.
Key pressed, stopping explore.
A goblin comes into view. It is wielding a +0 club. 😮 MP[+4]
Your mp is fully restored (5).
Casting: Summon Small Mammal (safe; 3% risk of failure)
Confirm with . or Enter, or press ? or * to list all spells.
A beastly little devil appears in a puff of flame.
The goblin shouts! 😮 MP[-2]
You lost 2 mp, and now have 3/5 mp.
Casting: Call Imp (safe; 4% risk of failure)
Confirm with . or Enter, or press ? or * to list all spells.
The goblin hits you with a +0 club.
Your crimson imp hits the goblin. 😮 MP[-1]
You lost 1 mp, and now have 2/5 mp.
You closely miss the goblin. The goblin hits you but does no damage.
Your crimson imp hits the goblin.
The goblin dies!
Things that are here:
a +0 club {mace}; a goblin corpse Unknown command.
Your rat disappears in a puff of smoke!
You open the door.
A kobold comes into view. It is wielding a +0 short sword.
The kobold shouts! 😮 MP[+3]
Your mp is fully restored (5).
A kobold is nearby!
A kobold is nearby!
Found a faded altar of an unknown god.
There is an open door here.
The kobold hits you with a +0 short sword.
* * * LOW HITPOINT WARNING * * *
Your crimson imp blinks! 😨 HP[-2]
You take 2 damage, and now have 14/28 hp.
You closely miss the kobold. The kobold closely misses you.
The kobold hits you with a +0 short sword.
* * * LOW HITPOINT WARNING * * *
😨 HP[-2]
You take 2 damage, and now have 12/28 hp.
You hit the kobold. The kobold closely misses you.
Casting: Summon Small Mammal (safe; 3% risk of failure)
Confirm with . or Enter, or press ? or * to list all spells.
A beastly little devil appears in a puff of frigid air.
The kobold hits you with a +0 short sword.
* * * LOW HITPOINT WARNING * * *
😨 HP[-2] MP[-2]
You take 2 damage, and now have 10/28 hp.
You lost 2 mp, and now have 3/5 mp.
You hit the kobold but do no damage.
The kobold hits you with a +0 short sword.
You closely miss the kobold. The kobold barely misses you.
Your white imp gestures at the kobold.
The puff of frost hits the kobold!
The kobold dies!
You see here a +0 short sword {short}.
You start resting. 😨 MP[+2]
Your mp is fully restored (5).
There is an open door here.
Things that are here:
a +0 club {mace}; a goblin corpse Your white imp disappears in a puff of smoke!
Key pressed, stopping explore.
Key pressed, stopping explore.
You open the door.
There is an open door here.
Key pressed, stopping explore.
Key pressed, stopping explore.
Things that are here:
a +0 club {mace}; a goblin corpse
There is an open door here.
There is a faded altar of an unknown god here.
You see here a +0 short sword {short}.
There is an open door here.
Things that are here:
a +0 club {mace}; a goblin corpse
There is a staircase leading out of the dungeon here.
Things that are here:
a +0 dagger {short}; a goblin skeleton Key pressed, stopping explore.
It was a potion of lignification.
You turn into a tree.
Your +0 robe melds into your body.
Your roots penetrate the ground. 😨 HP[+6]
You now have 42 max hp (+14).
You regained 6 hp, and now have 16/42 hp.
Unknown command.
Your magical essence is drained by the effort!
You feel much better. 😕 HP[+23] MP[-1]
You regained 23 hp, and now have 39/42 hp.
Unknown command.
Are you sure you want to abandon this character and quit the game? (Confirm with "yes".)

Skill      XL: |  1 |
---------------+----+-----
Summonings     | 4 |  4.6
Dodging        | |  2.1
Stealth        | |  2.4
Spellcasting   | |  1.7

Action                   || total
-------------------------++-------
Melee: Unarmed           ||     6
       Mace              ||    48
 Cast: Summon Small Mamm ||    15
       Call Imp          ||     4
 Abil: Heal Wounds       ||     1
  Use: Potion            ||     1
 Stab: Distracted        ||     1
       Sleeping          ||     4
Armor: Robe              ||    21
Dodge: Dodged            ||    55

Levels and vault maps discovered:
D:1:      scummos_arrival_star, layout_rooms,
          shapermc_ecumenical_altar_flowoftime, serial_forest,
          infiniplex_forest_pool, infiniplex_forest_end_1,
          infiniplex_forest_pool, infiniplex_forest_corner_2,
          infiniplex_forest_lined_room_2, infiniplex_forest_lined_2,
          infiniplex_forest_lined_4_way, infiniplex_forest_zigzag_1,
          infiniplex_forest_straight_5, serial_shops, shop_statue

Notes
Turn   | Place    | Note
-------+----------+-------------------------------------------
     0 | D:1      | spaghetti the Deep Dwarf Summoner began the quest for the
                  | Orb.
     0 | D:1      | Reached XP level 1. HP: 15/15 MP: 3/3
     0 | D:1      | magus.rc [v1.9.6]
    75 | D:1      | Found Biunweje's Distillery.
   106 | D:1      | Reached skill level 4 in Summonings
   166 | D:1      | Reached XP level 2. HP: 19/22 MP: 1/4
   429 | D:1      | Reached XP level 3. HP: 17/28 MP: 5/5
   432 | D:1      | Learned a level 2 spell: Call Imp
   700 | D:1      | Found a faded altar of an unknown god.
   952 | D:1      | Quit the game

Vanquished Creatures
  2 ball pythons (D:1)
  A bat (D:1)
  2 endoplasms (D:1)
  A hobgoblin (D:1)
  4 jackals (D:1)
  3 kobolds (D:1)
  3 frilled lizards (D:1)
16 creatures vanquished.

Vanquished Creatures (collateral kills)
  A dart slug (D:1)
  An endoplasm (D:1)
  3 goblins (D:1)
  A hobgoblin (D:1)
  A kobold (D:1)
  A ball python (D:1)
  2 bats (D:1)
10 creatures vanquished.

Vanquished Creatures (others)
  A plant (D:1)
1 creature vanquished.

Grand Total: 27 creatures vanquished

Table legend:
 A = Non-vault XP
 B = Vault XP
 C = Vault XP percentage of total XP
 D = Non-vault monster count
 E = Vault monster count
 F = Vault count percentage of total count
                 A         B        C        D         E       F
            +---------+---------+-------+---------+---------+-------
      Total |      48 |       0 |   0.0 |      26 |       0 |   0.0
            +---------+---------+-------+---------+---------+-------
        D:1 |      48 |       0 |   0.0 |      26 |       0 |   0.0
            +---------+---------+-------+---------+---------+-------

Illustrated notes

Table legend:
 A = Kills in this place as a percentage of kills in entire the game.
 B = Kills by you in this place as a percentage of kills by you in the entire game.
 C = Kills by friends in this place as a percentage of kills by friends in the entire game.
 D = Other kills in this place as a percentage of other kills in the entire game.
 E = Experience gained in this place as a percentage of experience gained in the entire game.
 F = Experience gained in this place divided by the number of levels of this place that you have seen.
                   A       B       C       D       E      F
               +-------+-------+-------+-------+-------+----------------------
         Total | 100.0 | 100.0 | 100.0 |   N/A | 100.0 |  48.0
       Dungeon | 100.0 | 100.0 | 100.0 |   N/A | 100.0 |  48.0
               +-------+-------+-------+-------+-------+----------------------

Table legend: (Time is in decaauts)
 A = Elapsed time spent in this place.
 B = Non-inter-level travel time spent in this place.
 C = Inter-level travel time spent in this place.
 D = Time resting spent in this place.
 E = Time spent auto-exploring this place.
 F = Levels seen in this place.
 G = Mean time per level.
                   A        B        C        D        E       F      G
               +--------+--------+--------+--------+--------+-----+--------+
         Total |    971 |    971 |      0 |     18 |    743 |   1 |  971.0 |
       Dungeon |    971 |    971 |      0 |     18 |    743 |   1 |  971.0 |
               +--------+--------+--------+--------+--------+-----+--------+

Top non-repeatable levels by time:
     D:1: 971 daAuts
